 Dungeon Crawl Stone Soup version 0.28-a0-1087-gf3fc490d9d (webtiles) character file.

Game seed: 12271547450484412367

163 bande the Covered (level 5, -4/33 HPs)
             Began as a Gargoyle Fighter on Dec 11, 2021.
             Killed from afar by Sigmund (6 damage)
             ... with a magic dart
             ... on level 3 of the Dungeon.
             The game lasted 00:03:24 (1866 turns).

bande the Covered (Gargoyle Fighter)                Turns: 1866, Time: 00:03:25

Health: -4/33      AC: 16    Str: 20    XL:     5   Next: 44%
Magic:  5/5        EV:  7    Int:  8    God:
Gold:   78         SH:  4    Dex: 11    Spells: 4/4 levels left

rFire   . . .      SeeInvis .   a - +0 war axe
rCold   . . .      Faith    .   c - +0 buckler
rNeg    + . .      Spirit   .   h - +0 chain mail
rPois   ∞          Reflect  .   b - +0 helmet
rElec   +          Harm     .   (no cloak)
rCorr   +          Rampage  .   n - +0 pair of gloves
Will    .....                   (no boots)
Stlth   ..........              (no amulet)
HPRegen 0.11/turn               l - ring of resist corrosion
MPRegen 0.09/turn               (no ring)

@: no status effects
A: sickness immunity, AC +4, negative energy resistance 1, electricity
resistance, torment resistance 1, petrification resistance
a: no special abilities


You were on level 3 of the Dungeon.
You visited 1 branch of the dungeon, and saw 3 of its levels.

You collected 78 gold pieces.

Inventory:

Hand Weapons
 a - a +0 war axe (weapon)
Armour
 b - a +0 helmet (worn)
 c - a +0 buckler (worn)
 h - a +0 chain mail (worn)
 n - a +0 pair of gloves (worn)
Jewellery
 f - an amulet of the acrobat
 l - a ring of resist corrosion (left hand)
Wands
 o - a wand of iceblast (5)
Scrolls
 e - a scroll of acquirement {unknown}
 g - a scroll of identify {unknown}
 i - a scroll of teleportation {unknown}
Potions
 d - a potion of might


   Skills:
 + Level 3.8 Fighting
 + Level 3.4 Axes
 + Level 4.4 Armour
 + Level 4.0 Shields


You had 4 spell levels left.
You didn't know any spells.
Your spell library was empty.

Dungeon Overview and Level Annotations

Branches:
Dungeon (3/15)

Altars:
Wu Jian

Shops:
D:2 :

Annotations:
D:3 Sigmund


Innate Abilities, Weirdness & Mutations

You are immune to sickness and miasma.
Your stone body is resilient. (AC +4)
You are immune to poison.
You resist negative energy. (rN+)
You are resistant to electric shocks. (rElec)
You are resistant to unholy torment.
You are immune to petrification.


Message History

The slug dart hits you.
You hear some strange, mumbled words.
Something tries to affect you, but you resist.
Something hits you but does no damage.
Things that are here:
a +0 short sword; a +0 scale mail; a kobold corpse You barely miss something.
You hit the dart slug.
You kill the dart slug!
Unknown command.
You barely miss something. Something hits you but does no damage.
Unknown command.
You slice something!! Something hits you but does no damage.
Unknown command.
You closely miss something. Something hits you but does no damage.
You miss something. Something hits you but does no damage.
You miss something.
You hear some strange, mumbled words.
A puff of flame appears from out of thin air!
The puff of flame hits you.
You barely miss something. Something hits you.
* * * LOW HITPOINT WARNING * * *
You closely miss something. Something hits you but does no damage.
Unknown command.
It was a potion of haste.
You feel yourself speed up. Something hits you but does no damage.
It was a potion of cancellation.
Your magical effects are unravelling.
You feel magically purged.
You feel yourself slow down.
You feel a little less mighty now.
It was a potion of curing.
You feel better. Something hits you.
You miss something. Something hits you.
* * * LOW HITPOINT WARNING * * *
You miss something. You barely miss something. Something hits you!
* * * LOW HITPOINT WARNING * * *
You closely miss something.
You hear some strange, mumbled words.
A magic dart appears from out of thin air!
The magic dart hits you.
You die...

^####... ......#.# #####
##..
#................###....
##...#..............##...†.
........................
..............#.........
........................
........(.......#.>.....
...#............#.......
......{@....<...........
..#.#..........#........
##.........##.......
##......#.###......
########.#........
#######..........
........##.......
###.....##.......
.................


There were no monsters in sight!

Vanquished Creatures
  Ijyb (D:3)
  Terence (D:2)
  Robin (D:2)
  5 adders
  3 dart slugs
  3 bats
  3 endoplasms
  A giant cockroach (D:3)
  8 goblins
  9 hobgoblins
  2 ball pythons
  4 frilled lizards
  3 kobolds
  5 rats
49 creatures vanquished.

Notes
Turn   | Place    | Note
-------+----------+-------------------------------------------
     0 | D:1      | bande the Gargoyle Fighter began the quest for the Orb.
     0 | D:1      | Reached XP level 1. HP: 14/14 MP: 1/1
   208 | D:1      | Reached XP level 2. HP: 13/19 MP: 2/2
   757 | D:2      | Reached XP level 3. HP: 22/23 MP: 3/3
   880 | D:2      | Found Maedimm's Book Emporium.
   892 | D:2      | Noticed Robin
   899 | D:2      | Reached XP level 4. HP: 24/28 MP: 4/4
   913 | D:2      | Killed Robin
  1017 | D:2      | Noticed Terence
  1034 | D:2      | Killed Terence
  1172 | D:2      | You fall into a shaft and drop 1 floor!
  1223 | D:2      | Found a faded altar of an unknown god.
  1251 | D:2      | Found an ornate altar of the Wu Jian Council.
  1526 | D:2      | Reached XP level 5. HP: 33/33 MP: 5/5
  1731 | D:3      | Noticed Ijyb
  1742 | D:3      | Killed Ijyb
  1840 | D:3      | Noticed Sigmund
  1866 | D:3      | Killed from afar by Sigmund

Illustrated notes

Levels and vault maps discovered:
D:1:      roderic_dead_forest, layout_basic
D:2:      layout_basic, ebering_ecumenical_altar_sacrificial, serial_shops,
          nicolae_shop_crystal, basic_altar, minmay_misc_feat_rows, uniq_robin,
          uniq_terence
D:3:      layout_rooms, nicolae_qazlal_eye_of_the_storm, uniq_ijyb, uniq_sigmund

Skill      XL: |  1  2  3  4 |
---------------+-------------+-----
Axes           | 2 3 |  3.4
Armour         | 4 |  4.4
Shields        | 4 |  4.0
Fighting       | |  3.8

Action                   |  1- 3 |  4- 6 || total
-------------------------+-------+-------++-------
Melee: War axe           |    68 |    89 ||   157
  Use: Potion            |       |     4 ||     4
Armor: Scale mail        |    32 |       ||    32
       Chain mail        |    11 |    77 ||    88
Dodge: Dodged            |    41 |    29 ||    70
Block: Buckler           |    27 |    15 ||    42

Table legend: (Time is in decaauts)
 A = Elapsed time spent in this place.
 B = Non-inter-level travel time spent in this place.
 C = Inter-level travel time spent in this place.
 D = Time resting spent in this place.
 E = Time spent auto-exploring this place.
 F = Levels seen in this place.
 G = Mean time per level.
                   A        B        C        D        E       F      G
               +--------+--------+--------+--------+--------+-----+--------+
         Total |   1925 |   1890 |     35 |    108 |   1321 |   3 |  641.7 |
       Dungeon |   1925 |   1890 |     35 |    108 |   1321 |   3 |  641.7 |
               +--------+--------+--------+--------+--------+-----+--------+

Top non-repeatable levels by time:
     D:2: 977 daAuts
     D:1: 741 daAuts
     D:3: 205 daAuts
